 Dungeon Crawl Stone Soup version 0.17.0-28-g6e173f8 (webtiles) character file.

99211 M4edhros the Unseen (level 16, -43/103 HPs)
             Began as an Octopode Artificer on Nov 30, 2015.
             Was a High Priest of Fedhas.
             Killed from afar by DEFE's ghost (45 damage)
             ... with a shard of ice
             ... on level 3 of the Orcish Mines on Dec 1, 2015.
             The game lasted 01:40:54 (29322 turns).

M4edhros the Unseen (Octopode Artificer)           Turns: 29322, Time: 01:41:14

Health: -43/103    AC:  3    Str: 16    XL:     16   Next: 24%
Magic:  23/23      EV: 16    Int: 22    God:    Fedhas [*****.]
Gold:   2404       SH: 16    Dex: 12    Spells: 0 memorised, 27 levels left

rFire  + . .     SeeInvis +     o - +1 greatsling (elec)
rCold  . . .     Clarity  .     M - +0 large shield
rNeg   . . .     SustAt   .     d - +2 hat of the High Council {Archmagi, Wiz- Stlth-}
rPois  +         Gourm    .     g - amulet of faith
rElec  .         Spirit   .     s - ring of see invisible
rCorr  .         Warding  .     C - ring of the Morning {Int+6 Slay+6}
rMut   .         Stasis   .     b - +2 ring of evasion
MR     ++...                    Q - ring of protection from fire
Stlth  +++++++...               O - +3 ring of strength
                                S - ring of protection from magic
                                e - ring of poison resistance (curse)
                                z - +3 ring of strength

@: about to teleport, very slightly contaminated, studying Evocations,
invisible, very resistant to hostile enchantments, extremely stealthy
A: almost no armour, amphibious, 8 rings, constrict 8, camouflage 1, blurry
vision 1, dopey 2, low mp 1, sense surroundings 1, weak 1, gelatinous body 1
a: Evolution, Sunlight, Growth, Reproduction, Rain, Renounce Religion


You were on level 3 of the Orcish Mines.
You worshipped Fedhas.
Fedhas was extremely pleased with you.
You were hungry.

You visited 3 branches of the dungeon, and saw 26 of its levels.
You also visited: Labyrinth.

You collected 2476 gold pieces.
You spent 72 gold pieces at shops.

Inventory:

Hand Weapons
 j - a +4 dagger of draining
 o - a +1 greatsling of electrocution (weapon)
 D - a +2 hunting sling of flaming
 F - a +7 spear
Missiles
 f - 321 stones
 n - 93 sling bullets (quivered)
 q - 35 sling bullets of flame
 H - 2 throwing nets
 L - 12 sling bullets of frost
 P - 7 curare-tipped needles
 W - 22 poisoned sling bullets
 Z - 9 steel sling bullets
Armour
 d - the +2 hat of the High Council (worn) {Archmagi, Wiz- Stlth-}
   (You found it on level 3 of the Lair of Beasts)

   It makes you less stealthy.
 M - a +0 large shield (worn)
Rods
 E - a +4 lightning rod (12/12)
   (You found it in a labyrinth)
Jewellery
 b - a +2 ring of evasion (on tentacle)
 e - a cursed ring of poison resistance (on tentacle)
 g - an amulet of faith (around mantle)
 s - a ring of see invisible (left tentacle)
 z - a +3 ring of strength (on tentacle)
 A - an uncursed ring of magical power
 C - the ring of the Morning (right tentacle) {Int+6 Slay+6}
   (You found it on level 7 of the Dungeon)

   [ring of intelligence]

   It affects your intelligence (+6).
   It affects your accuracy and damage with ranged weapons and melee attacks
   (+6).
 O - a +3 ring of strength (on tentacle)
 Q - a ring of protection from fire (on tentacle)
 S - a ring of protection from magic (on tentacle)
 U - an uncursed ring of ice
Wands
 c - a wand of enslavement (4)
 i - a wand of disintegration (7)
 v - a wand of slowing (18)
 w - a wand of enslavement (16)
 x - a wand of digging (12)
 B - a wand of disintegration (11)
 G - a wand of teleportation (0)
 N - a wand of polymorph (12)
 Y - a wand of paralysis (0)
Scrolls
 a - a scroll of summoning
 k - 2 scrolls of magic mapping
 m - 8 scrolls of teleportation
 p - 5 scrolls of blinking
 t - 3 scrolls of fear
 u - 2 scrolls of identify
 y - a scroll of fog
Potions
 h - 2 potions of might
 K - 2 potions of ambrosia
 T - 2 potions of curing
Books
 I - a manual of Evocations
Comestibles
 l - 29 fruits
 J - 9 royal jellies
 R - a bread ration
 V - 2 chunks of flesh


   Skills:
 - Level 7.2 Fighting
 - Level 1.0 Short Blades
 * Level 10.8 Slings
 + Level 10.5 Dodging
 + Level 16.2 Stealth
 * Level 8.9 Shields
 + Level 6.2 Spellcasting
 + Level 13.0 Invocations
 * Level 14.1 Evocations


You had 27 spell levels left.
You didn't know any spells.

Dungeon Overview and Level Annotations

Branches:
Dungeon (15/15)            Temple (0/1) D:7            Lair (8/8) D:10
 Shoals (0/4) Lair:3       Spider (0/4) Lair:6        Slime (0/6) Lair:7
    Orc (3/4) D:10         Vaults (0/5) D:13         Depths (0/5) D:15
    Elf: Orc:3-4

Altars:
Ashenzari
Fedhas
Gozag
Kikubaaqudgha
Nemelex Xobeh
Ru
Sif Muna
Vehumet
Xom
Yredelemnul
Jiyva

Shops:
D:7 (   D:15 (

Annotations:
Lair:2 Prince Ribbit
Orc:3 DEFE's ghost, journeyman SpFi; gorblad's ghost, novice MiBe


Innate Abilities, Weirdness & Mutations

You cannot wear most types of armour.
You are amphibious.
You can wear up to eight rings at the same time.
You can use your tentacles to constrict eight enemies at once.
Your skin changes colour to match your surroundings (Stealth).
Your rubbery body absorbs attacks (AC +1).
Scrolls take you a little longer to read.
You are very dopey. (Int -4)
Your magical capacity is low (-10% MP).
You passively map a small area around you.
You are weak. (Str -2)


Message History

DEFE's ghost hits you.
* * * LOW HITPOINT WARNING * * *
Evoke which item? (* to show all) (? for menu, Esc to quit)
Zapping:
c - a wand of enslavement (5)
Press: ? - help, Shift-Dir - straight line, f/p - DEFE's ghost
Aim: DEFE's ghost, wielding a weapon of electrocution (almost destroyed, chance to defeat MR: 11%) DEFE's ghost resists with almost no effort.
This wand has 4 charges left.
DEFE's ghost gestures at you while chanting.
You block the shard of ice.
Evoke which item? (* to show all) (? for menu, Esc to quit)
Zapping:
G - a wand of teleportation (1)
Press: ? - help, Shift-Dir - straight line, f - you, p - DEFE's ghost You feel strangely unstable.
This wand has 0 charges left.
Gorblad's ghost laughs crazily.
DEFE's ghost gestures at you while chanting.
The shard of ice hits you!
You die...
Xom roars with laughter!
Fedhas appreciates your contribution to the ecosystem.

*#......
....... ,
.......
#####.....#*
, #.<#((...#
, #.##.....#
# #W.P..# *
#W#.....#
#@##...... *
### #.....
..... ,P(..
P.# #..


You could see DEFE's ghost and gorblad's ghost.

Vanquished Creatures
  Kirke (Lair:5)
  A minotaur (Lab)
  A fire dragon (Lair:8)
  A vault guard (D:13)
  6 hydras
  2 centaur warriors
  A catoblepas (Lair:5)
  Erica (Lair:2)
  2 tengu warriors (D:15)
  6 death yaks
  Urug (Orc:2)
  4 ball lightnings (D:13)
  3 hill giants
  2 lindwurms (Lair:8)
  A wizard (D:14)
  A necromancer (D:15)
  4 orc sorcerers
  2 griffons
  A manticore (D:15)
  7 black mambas
  11 elephants
  5 cyclopes
  An orc knight (D:13)
  Psyche (D:11)
  A gargoyle (D:11)
  7 torpor snails (Lair:8)
  11 spiny frogs
  A kobold demonologist (D:14)
  A komodo dragon (D:10)
  5 tengu conjurers
  A wind drake (D:13)
  2 giant leeches (Lair:8)
  3 fire drakes (Lair:8)
  A minotaur skeleton (Lab)
  A two-headed ogre (D:10)
  A blink frog (shapeshifter) (D:13)
  7 trolls
  A two-headed ogre (shapeshifter) (D:14)
  4 air elementals (D:13)
  2 vampires (D:12)
  2 wyverns
  18 blink frogs
  2 basilisks
  3 hogs (Lair:5)
  A deep elf mage (D:15)
  A deep elf fighter (D:13)
  54 yaks
  8 hippogriffs
  2 mottled dragons
  8 insubstantial wisps (D:13)
  10 wolves
  A warg (Orc:2)
  6 hungry ghosts
  2 vampire mosquitoes (D:15)
  5 spiders
  9 water moccasins
  A sky beast (D:10)
  6 orc warriors
  8 porcupines
  2 black bears
  A boggart (D:13)
  4 ice beasts
  3 eyes of draining
  4 centaurs
  8 ogres
  3 wasps (Lair:8)
  13 crocodiles
  5 brain worms
  Blork the orc (D:6)
  14 giant frogs
  A gnoll sergeant (D:12)
  3 wights (D:12)
  5 scorpions
  A quasit (D:10)
  3 jellies
  5 orc priests
  8 orc wizards
  9 crimson imps
  5 iguanas
  3 giant frog skeletons
  9 worker ants
  7 centaur skeletons
  15 sheep
  12 adders
  54 river rats
  3 gnolls (D:12)
  2 shadow imps (D:5)
  An ooze (D:8)
  An adder skeleton (D:4)
  16 worms
  6 giant geckos
  46 orcs
  A ball python (D:2)
  7 bats
  5 giant cockroaches
  9 goblins
  4 hobgoblins
  9 jackals
  6 quokkas
  A giant gecko skeleton (D:5)
  A giant gecko zombie (D:7)
  5 giant newts
  A jackal zombie (D:5)
  3 kobolds
  A quokka skeleton (D:6)
  9 rats
  2 ballistomycetes (Lair:8)
  A fungus (Lair:8)
  11 giant spores
  A hyperactive ballistomycete (Lair:8)
  2 toadstools (Lair:8)
614 creatures vanquished.

Vanquished Creatures (collateral kills)
  The ghost of bollicks1999 the Basher, a journeyman MiFi of Ru (Lair:8)
  Snorg (D:13)
  3 vault guards (D:13)
  4 hydras
  Harold (Lair:1)
  A centaur warrior (D:13)
  11 death yaks
  3 skeletal warriors (D:15)
  An anubis guard (shapeshifter) (D:14)
  2 orc knights
  2 griffons
  3 hill giants
  An orc sorcerer (D:15)
  A wolf spider (Lair:6)
  6 black mambas
  A manticore (D:13)
  4 wandering mushrooms
  6 elephants
  2 cyclopes
  Maurice (D:13)
  An ice statue (D:10)
  10 spiny frogs
  7 komodo dragons
  A yaktaur (D:13)
  A jumping spider (Lair:6)
  A snapping turtle (Lair:3)
  2 trolls
  6 blink frogs
  8 wind drakes (D:13)
  2 wraiths
  6 air elementals (D:13)
  A centaur simulacrum (D:14)
  2 deep elf magi (D:11)
  A warg (Orc:2)
  2 basilisks (Lair:2)
  33 yaks
  A deep elf fighter (D:13)
  3 hippogriffs
  A soldier ant (D:8)
  6 wolves
  11 insubstantial wisps (D:13)
  5 water moccasins
  2 ice beasts
  3 black bears
  A porcupine (Lair:4)
  2 sky beasts
  3 ogres
  An eye of draining (D:14)
  4 crocodiles
  3 centaurs
  2 orc warriors
  2 boggarts (D:13)
  A phantom (D:13)
  2 giant frogs
  5 wights
  4 killer bees (D:10)
  A crimson imp (D:13)
  4 jellies
  7 orc wizards
  3 orc priests
  4 centaur skeletons
  A giant frog skeleton (D:10)
  A hound (D:9)
  2 worker ants
  2 iguanas
  7 sheep
  An adder (D:9)
  A gnoll (D:12)
  8 river rats
  An ooze (D:8)
  2 worms (Lair:8)
  A giant gecko (D:10)
  16 orcs
  3 jackals
  A jackal zombie (D:5)
  A quokka skeleton (D:5)
  8 giant spores
  4 hyperactive ballistomycetes (Lair:8)
  2 toadstools
282 creatures vanquished.

Vanquished Creatures (others)
  A thorn hunter (Orc:3)
  3 oklob plants (Lair:8)
  Fannar (Orc:2)
  8 ball lightnings (D:13)
  An orc sorcerer (Orc:2)
  A wolf spider zombie (D:15)
  An orc knight (Orc:2)
  39 wandering mushrooms
  A torpor snail (Lair:8)
  A spiny frog (Lair:8)
  A centaur skeleton (D:15)
  A redback zombie (D:15)
  A wind drake (D:13)
  A hornet zombie (D:13)
  A harpy simulacrum (D:15)
  A wasp (D:8)
  2 killer bee zombies (D:9)
  A worker ant zombie (D:10)
  25 ballistomycetes
  3 briar patches (D:13)
  35 fungi
  3 giant spores
  28 plants
  859 toadstools
1019 creatures vanquished.

Grand Total: 1915 creatures vanquished

Notes
Turn   | Place    | Note
--------------------------------------------------------------
     0 | D:1      | M4edhros the Octopode Artificer began the quest for the Orb.
     0 | D:1      | Reached XP level 1. HP: 13/13 MP: 3/3
    10 | D:1      | Noticed a giant frog
   134 | D:1      | Reached XP level 2. HP: 12/18 MP: 4/4
   347 | D:1      | Reached skill level 4 in Evocations
   410 | D:1      | Reached XP level 3. HP: 19/23 MP: 6/6
   749 | D:2      | You fall through a shaft!
   860 | D:4      | Noticed an ogre
   867 | D:4      | Reached XP level 4. HP: 28/28 MP: 7/7
   897 | D:4      | Found a shimmering altar of Xom.
   901 | D:4      | Found a sacrificial altar of Ru.
   904 | D:4      | Found a blossoming altar of Fedhas.
   907 | D:4      | Became a worshipper of Xom the Begetter of Turbulence
   913 | D:4      | Fell from the grace of Xom
   913 | D:4      | Became a worshipper of Fedhas Madash
  1024 | D:3      | Found an opulent altar of Gozag.
  1332 | D:2      | XOM: medium Divn miscast
  1812 | D:3      | Reached XP level 5. HP: 33/33 MP: 8/8
  1850 | D:3      | Reached skill level 5 in Evocations
  1853 | D:3      | XOM: mild Hex miscast
  1854 | D:3      | Reached * piety under Fedhas
  2319 | D:3      | XOM: mild Fire miscast
  2402 | D:4      | Killed an ogre
  2402 | D:4      | Reached skill level 5 in Stealth
  2402 | D:4      | Reached skill level 1 in Invocations
  2416 | D:4      | Found an ancient bone altar of Kikubaaqudgha.
  2418 | D:4      | Found a deep blue altar of Sif Muna.
  2418 | D:4      | Found a radiant altar of Vehumet.
  2423 | D:4      | Identified Vehumet's Reference Book on Arcane Weapons
  2430 | D:4      | Identified Kikubaaqudgha's Guide on Black Secrets
  2437 | D:4      | Identified Sif Muna's Almanac of Companions
  2535 | D:4      | Gained mutation: You are dopey. (Int -2) [potion of mutation]
  2535 | D:4      | Gained mutation: Your body sometimes deteriorates upon taking damage. [potion of mutation]
  2535 | D:4      | Gained mutation: Your spells are a little harder to cast, but a little more powerful. [potion of mutation]
  2647 | D:4      | Reached XP level 6. HP: 38/38 MP: 10/10
  2720 | D:5      | Entered Level 5 of the Dungeon
  2759 | D:5      | XOM: give mutations
  2759 | D:5      | Gained mutation: Scrolls take you a little longer to read. [Xom's mischief]
  2759 | D:5      | Gained mutation: Your body often deteriorates upon taking damage. [Xom's mischief]
  2759 | D:5      | Lost mutation: Your body often deteriorates upon taking damage. [Xom's mischief]
  2759 | D:5      | Gained mutation: You are weak. (Str -2) [Xom's mischief]
  2763 | D:5      | Reached skill level 6 in Stealth
  2907 | D:5      | HP: 1/38 [centaur (8)]
  2953 | D:5      | XOM: draining
  3249 | D:5      | Reached XP level 7. HP: 43/43 MP: 11/11
  3271 | D:5      | XOM: polymorph orc -> river rat
  3572 | D:6      | Reached skill level 7 in Stealth
  3671 | D:6      | Lost mutation: Your spells are a little harder to cast, but a little more powerful. [mutagenic meat]
  3771 | D:6      | XOM: summons 1 hostile demon
  3790 | D:6      | XOM: summons 6 hostile demons
  4037 | D:6      | Reached XP level 8. HP: 48/48 MP: 13/13
  4050 | D:6      | You fall through a shaft!
  4050 | D:7      | Found Sonirov's Weapon Boutique.
  4053 | D:7      | Bought a +0 mace of protection for 72 gold pieces
  4144 | D:6      | XOM: mild Trmt miscast
  4162 | D:6      | Reached skill level 8 in Stealth
  4174 | D:6      | Noticed Blork the orc
  4181 | D:6      | Killed Blork the orc
  4182 | D:6      | XOM: mild Conj miscast
  4249 | D:6      | Reached skill level 5 in Invocations
  4637 | D:6      | XOM: give mutation
  4637 | D:6      | Gained mutation: You are clumsy. (Dex -2) [Xom's mischief]
  4673 | D:6      | Reached skill level 9 in Stealth
  4787 | D:6      | Reached ** piety under Fedhas
  4791 | D:6      | XOM: cast spell 'Ice Form'
  4901 | D:6      | Reached XP level 9. HP: 17/53 MP: 15/15
  5061 | D:7      | Found a staircase to the Ecumenical Temple.
  5065 | D:7      | Got a bound platinum ring
  5066 | D:7      | Identified the ring of the Morning {Int+6 Slay+6} (You found it on level 7 of the Dungeon)
  5785 | D:8      | XOM: medium Conj miscast
  5869 | D:8      | XOM: 1-stop teleportation journey
  5929 | D:8      | Got a brightly glowing mace
  5932 | D:8      | Identified the +4 mace "Unalu" {crush, *Contam +Blink rF+ SInv} (You found it on level 8 of the Dungeon)
  6027 | D:8      | Found a shimmering altar of Xom.
  6041 | D:8      | Found a viscous altar of Jiyva.
  6083 | D:8      | Reached skill level 10 in Stealth
  6240 | D:8      | XOM: noise
  6911 | D:9      | Noticed a thorn hunter
  6911 | D:9      | a wandering mushroom changed into a thorn hunter
  6911 | D:9      | XOM: polymorph wandering mushroom -> thorn hunter
  7054 | D:9      | Found a deep blue altar of Sif Muna.
  7060 | D:9      | Reached *** piety under Fedhas
  7102 | D:9      | Reached XP level 10. HP: 53/63 MP: 16/16
  7204 | D:6      | XOM: medium Erth miscast
  7654 | D:9      | Found a sparkling altar of Nemelex Xobeh.
  7711 | D:10     | Entered Level 10 of the Dungeon
  7724 | D:10     | Found a staircase to the Lair.
  7727 | D:10     | XOM: medium Ice miscast
  7748 | D:10     | Reached skill level 11 in Stealth
  7861 | D:10     | XOM: mild Pois miscast
  7892 | D:10     | Noticed a hill giant
  7895 | D:10     | Killed a hill giant
  7979 | D:10     | Found a staircase to the Orcish Mines.
  8034 | D:10     | Gained mutation: You are somewhat resistant to further mutation. [mutagenic meat]
  8035 | D:10     | Gained mutation: You passively map a small area around you. [mutagenic meat]
  8036 | D:10     | Lost mutation: You are dopey. (Int -2) [mutagenic meat]
  8037 | D:10     | Gained mutation: You are dopey. (Int -2) [mutagenic meat]
  8084 | D:10     | Noticed an ice statue
  8120 | D:10     | Killed an ice statue
  8290 | D:10     | Reached skill level 5 in Fighting
  8493 | D:11     | Reached **** piety under Fedhas
  8514 | D:11     | Reached skill level 5 in Dodging
  8516 | D:11     | Noticed a hill giant
  8527 | D:11     | Reached skill level 10 in Evocations
  8528 | D:11     | Killed a hill giant
  8606 | D:11     | Noticed Psyche
  8608 | D:11     | Killed Psyche
  8608 | D:11     | Reached skill level 12 in Stealth
  8608 | D:11     | Reached XP level 11. HP: 72/72 MP: 18/18
  8613 | D:11     | Noticed a cyclops
  8623 | D:11     | Killed a cyclops
  8738 | D:11     | Noticed a hill giant
  8748 | D:11     | Killed a hill giant
  8803 | D:11     | Noticed a cyclops
  8820 | D:11     | Killed a cyclops
  9533 | D:11     | XOM: noise
  9576 | D:11     | XOM: noise
  9576 | D:11     | Was forgiven by Xom
  9746 | Orc:1    | Entered Level 1 of the Orcish Mines
  9792 | Orc:1    | Reached ***** piety under Fedhas
  9936 | Orc:2    | Noticed an orc knight
  9940 | Orc:2    | Noticed Fannar
  9955 | Orc:2    | an orc knight (ally) was killed
  9956 | Orc:2    | HP: 2/72 [Fannar/Ozocubu's Refrigeration (27)]
  9956 | Orc:2    | Killed Fannar
 10326 | Orc:2    | Noticed Urug
 10331 | Orc:2    | Noticed an orc knight
 10341 | Orc:2    | Killed Urug
 10350 | Orc:2    | Killed an orc knight
 10528 | Orc:3    | Noticed gorblad's ghost (novice MiBe)
 10619 | Lair:1   | Entered Level 1 of the Lair of Beasts
 10632 | Lair:1   | Reached skill level 13 in Stealth
 10927 | Lair:1   | Noticed Harold
 10947 | Lair:1   | Killed Harold
 10947 | Lair:1   | Reached skill level 1 in Slings
 10947 | Lair:1   | Reached XP level 12. HP: 79/81 MP: 20/20
 12029 | Lair:2   | Reached skill level 10 in Invocations
 12116 | Lair:2   | Noticed Erica
 12126 | Lair:2   | Killed Erica
 12424 | Lair:2   | Noticed Prince Ribbit
 12952 | Lair:3   | Found a shattered altar of Ashenzari.
 13254 | Lair:3   | Noticed a five-headed hydra
 13262 | Lair:3   | Killed a five-headed hydra
 13271 | Lair:3   | Gained mutation: You are very weak. (Str -4) [potion of mutation]
 13271 | Lair:3   | Gained mutation: Your magical capacity is low (-10% MP). [potion of mutation]
 13476 | Lair:3   | Reached skill level 14 in Stealth
 13629 | Lair:3   | Found a staircase to the Shoals.
 13857 | Lair:3   | Identified a scroll of acquirement
 14016 | Lair:3   | Reached skill level 1 in Spellcasting
 14218 | Lair:4   | Found a basalt altar of Yredelemnul.
 14639 | Lair:4   | Reached skill level 1 in Shields
 15125 | Lair:5   | Noticed Kirke
 15127 | Lair:5   | Reached XP level 13. HP: 86/86 MP: 19/19
 15164 | Lair:5   | Killed Kirke
 15317 | Lair:5   | Lost mutation: Your body sometimes deteriorates upon taking damage. [potion of cure mutation]
 15317 | Lair:5   | Lost mutation: You are somewhat resistant to further mutation. [potion of cure mutation]
 15317 | Lair:5   | Lost mutation: You are clumsy. (Dex -2) [potion of cure mutation]
 15317 | Lair:5   | Lost mutation: You are very weak. (Str -4) [potion of cure mutation]
 15343 | Lair:5   | Noticed a five-headed hydra
 15354 | Lair:5   | Killed a five-headed hydra
 15561 | Lair:5   | Reached skill level 5 in Slings
 15710 | Lair:5   | Noticed a catoblepas
 15727 | Lair:5   | Killed a catoblepas
 15750 | Lair:5   | Noticed a death yak
 15989 | Lair:5   | Noticed a death yak
 15992 | Lair:5   | Killed a death yak
 15999 | Lair:5   | Killed a death yak
 16698 | Lair:6   | Found a hole to the Spider Nest.
 17703 | Lair:6   | Gained mutation: You are very dopey. (Int -4) [potion of mutation]
 18713 | Lair:7   | Reached XP level 14. HP: 31/92 MP: 20/20
 19136 | Lair:7   | Found a viscous altar of Jiyva.
 19137 | Lair:7   | Found a staircase to the Slime Pits.
 19307 | Lair:8   | Entered Level 8 of the Lair of Beasts
 19370 | Lair:8   | Reached ****** piety under Fedhas
 19409 | Lair:8   | Noticed bollicks1999's ghost (journeyman MiFi)
 19456 | Lair:8   | Killed bollicks1999's ghost
 19456 | Lair:8   | Reached skill level 15 in Stealth
 19485 | Lair:8   | Reached skill level 5 in Shields
 19636 | Lair:8   | Found a runed door.
 20873 | Lair:8   | Reached skill level 5 in Spellcasting
 20873 | Lair:8   | Reached XP level 15. HP: 76/97 MP: 22/22
 23409 | D:13     | Found a labyrinth entrance.
 23423 | Lab      | Entered a labyrinth
 23508 | Lab      | Reached skill level 10 in Dodging
 24333 | D:13     | Killed Maurice
 24349 | D:13     | Found a gate to the Vaults.
 24449 | D:13     | Noticed Snorg
 24457 | D:13     | Killed Snorg
 24773 | D:13     | Reached skill level 10 in Slings
 26112 | D:13     | Reached skill level 16 in Stealth
 27654 | D:15     | Entered Level 15 of the Dungeon
 28007 | D:15     | Reached XP level 16. HP: 94/103 MP: 23/23
 28183 | D:15     | Found a staircase to the Depths.
 28783 | D:15     | Found Ymu Edutz's Antique Weapon Shop.
 29302 | Orc:3    | Noticed DEFE's ghost (journeyman SpFi)
 29312 | Orc:3    | a thorn hunter (ally) was killed
 29316 | Orc:3    | HP: 4/103 [DEFE's ghost/shard of ice (32)]
 29320 | Orc:3    | HP: 1/103 [DEFE's ghost (4)]
 29322 | Orc:3    | Killed from afar by DEFE's ghost

Action                   |  1- 3 |  4- 6 |  7- 9 | 10-12 | 13-15 | 16-18 || total
-------------------------+-------+-------+-------+-------+-------+-------++-------
Melee: Short sword       |    36 |       |       |       |       |       ||    36
       Dagger            |    24 |    75 |   151 |    81 |   204 |    84 ||   619
 Fire: Hunting sling     |       |       |       |   486 |   632 |       ||  1118
       Greatsling        |       |       |       |   135 |   611 |    69 ||   815
Invok: Evolution         |       |     2 |     4 |    17 |    38 |       ||    61
       Sunlight          |       |       |     1 |     2 |     5 |       ||     8
       Reproduction      |       |       |       |     2 |     9 |       ||    11
Evoke: Wand              |     1 |     8 |    10 |     9 |    19 |     5 ||    52
  Use: Potion            |     1 |     5 |     4 |     7 |     8 |     2 ||    27
       Scroll            |       |     8 |     6 |    11 |    19 |     1 ||    45
 Stab: Sleeping          |     5 |    20 |    19 |    23 |    31 |     4 ||   102
       Distracted        |       |     1 |     1 |       |       |     2 ||     4
       Paralysed         |       |       |       |       |     3 |     1 ||     4
       Confused          |       |       |       |       |     1 |       ||     1
  Eat: Bread ration      |       |     1 |     1 |     3 |     4 |       ||     9
       Beef jerky        |       |     1 |       |     1 |     1 |       ||     3
       Pizza             |       |       |     2 |       |     3 |       ||     5
       Chunk             |       |       |     1 |     8 |       |     4 ||    13
       Meat ration       |       |       |     1 |     2 |     4 |       ||     7
       Royal jelly       |       |       |       |       |     1 |       ||     1
